AoeStats
← v0id

Arena

509544480Analyzed
2v2 RM · 6d ago on Sep 27, 2026· 51m 2s· 4 players
Game mode
Random Map
Map size
Medium (4 player)
Population
200
Speed
Normal
Resources
Standard
Victory
Conquest
Starting age
Dark Age
Ending age
Imperial Age
RankedLock teamsTeams togetherTeam positionsShared explorationLock speedFull tech treeHidden civsTurbo modeCheats
Victory
Defeat
🇦🇷 Persians · Argentina
1057
+14
🇦🇷 Bohemians · Argentina
1036
+14
🇨🇴 Goths · Colombia
1038
-15
🇨🇴 Mongols · Colombia
972
-13
SR WAITINHO
10:33 Feudal Age
11:42 Loom
14:42 Castle Age
14:23 Double-Bit Axe
14:46 Horse Collar
19:08 Stone Mining
23:23 Squires
23:05 Pikeman
25:52 Town Watch
27:05 Wheelbarrow
27:47 Forging
27:42 Scale Barding Armor
27:38 Gold Mining
29:56 Chain Barding Armor
30:11 Iron Casting
29:54 Bow Saw
29:51 Heavy Plow
31:04 Gold Shaft Mining
31:12 Stone Shaft Mining
34:16 Imperial Age
33:23 Iron Casting
33:14 Hand Cart
33:05 Town Patrol
34:17 Fletching
34:27 Padded Archer Armor
35:50 Blast Furnace
35:25 Plate Barding Armor
35:24 Kamandaran
34:51 Crossbowman
36:23 Thumb Ring
37:20 Leather Archer Armor
37:00 Bodkin Arrow
37:41 Plate Barding Armor
36:56 Sappers
37:46 Conscription
38:58 Cavalier
39:39 Husbandry
39:51 Bloodlines
41:22 Ring Archer Armor
41:39 Savar
42:42 Murder Holes
42:58 Masonry
43:28 Ballistics
44:12 Chemistry
43:30 Elite War Elephant
45:04 Architecture
45:21 Scale Mail Armor
45:52 Crop Rotation
46:24 Two-Man Saw
47:47 Heated Shot
49:26 Hoardings
51:09 Citadels
v0id
11:11 Feudal Age
17:28 Castle Age
15:18 Double-Bit Axe
15:39 Horse Collar
18:19 Bow Saw
18:12 Heavy Plow
23:39 Loom
25:20 Fervor
25:51 Wheelbarrow
24:53 Elite Skirmisher
29:24 Fletching
30:02 Bodkin Arrow
31:08 Ballistics
32:11 Crossbowman
37:02 Chemistry
39:18 Imperial Age
37:50 Wagenburg Tactics
38:56 Padded Archer Armor
40:07 Arbalester
40:52 Bracer
46:04 Leather Archer Armor
45:21 Houfnice
47:10 Arbalester
sergioguarin19
5:00 Loom
11:18 Feudal Age
12:17 Double-Bit Axe
15:40 Castle Age
18:02 Bow Saw
17:38 Horse Collar
19:12 Heavy Plow
28:55 Imperial Age
27:08 Gold Mining
27:39 Anarchy
27:59 Scale Mail Armor
30:01 Wheelbarrow
29:04 Pikeman
30:09 Chain Mail Armor
30:11 Perfusion
31:58 Two-Man Saw
31:18 Squires
33:10 Forging
33:18 Hand Cart
35:14 Crop Rotation
34:23 Halberdier
36:56 Iron Casting
38:26 Conscription
38:19 Elite Huskarl
43:23 Blast Furnace
44:16 Town Watch
cristianalarconcalderon
11:03 Feudal Age
14:56 Castle Age
13:29 Double-Bit Axe
14:04 Stone Mining
15:06 Gold Mining
17:31 Loom
19:56 Fletching
26:21 Padded Archer Armor
28:03 Bodkin Arrow
35:50 Imperial Age
34:07 Leather Archer Armor
37:36 Bracer
37:58 Bow Saw
38:26 Gold Shaft Mining
37:37 Horse Collar
39:24 Ballistics
44:07 Nomads
46:04 Chemistry
45:11 Scale Barding Armor
45:09 Light Cavalry
47:53 Wheelbarrow
47:49 Bloodlines
Connection lost

Rejoining the realm…

Still unreachable

The connection could not be restored.

Session expired

The server has moved on; the page needs a fresh start.